 Dungeon Crawl Stone Soup version 0.29-a0-297-g7659ce593d (webtiles) character file.

Game seed: 11412703417435102073

2343 esteth the Archer (level 9, -2/48 HPs)
             Began as a Tengu Hunter on Mar 19, 2022.
             Was a Believer of Lugonu.
             Slain by Joseph
             ... wielding a +0 vorpal quarterstaff
              (18 damage)
             ... on level 7 of the Dungeon on Mar 21, 2022.
             The game lasted 00:08:35 (6298 turns).

esteth the Archer (Tengu Hunter)                    Turns: 6298, Time: 00:08:36

Health: -2/48      AC:  3    Str: 12    XL:     9   Next: 43%
Magic:  10/10      EV: 15    Int: 13    God:    Lugonu [**....]
Gold:   481        SH:  0    Dex: 24    Spells: 8/8 levels left

rFire   . . .      SeeInvis .   a - +1 shortbow
rCold   . . .      Faith    .   (shield currently unavailable)
rNeg    . . .      Spirit   .   b - +0 leather armour
rPois   .          Reflect  .   (helmet restricted)
rElec   .          Harm     .   (no cloak)
rCorr   .          Rampage  .   (no gloves)
Will    .....                   (boots unavailable)
Stlth   ++........              (no amulet)
HPRegen 0.16/turn               Y - +4 ring of slaying
MPRegen 0.12/turn               D - +6 ring of dexterity

@: flying quickly and evasively, quick
A: beak, talons 3, nimble flight
a: Renounce Religion, Depart the Abyss, Bend Space


You were on level 7 of the Dungeon.
You worshipped Lugonu.
Lugonu was pleased with you.
You visited 2 branches of the dungeon, and saw 8 of its levels.

You collected 481 gold pieces.


Innate Abilities, Weirdness & Mutations

You have a beak for a mouth.
You have claws for feet.
Your magical nature lets you fly swiftly and evasively.


   Skills:
 - Level 2.0 Fighting
 + Level 14.0 Bows
 - Level 2.1 Dodging
 - Level 1.0 Stealth


You had 8 spell levels left.
You didn't know any spells.
Your spell library contained the following spells:

 Spells                   Type           Power      Damage    Failure   Level
 Magic Dart               Conj           0%         1d3       36%         1
 Sandblast                Erth           0%         2d4       36%         1
 Call Imp                 Summ           0%         N/A       52%         2
 Passwall                 Tmut/Erth      0%         N/A       52%         2
 Confusing Touch          Hex            0%         N/A       75%         3
 Mephitic Cloud           Conj/Pois/Air  0%         N/A       75%         3
 Ozocubu's Armour         Ice            0%         N/A       75%         3
 Stone Arrow              Conj/Erth      0%         3d7       75%         3
 Yara's Violent Unravell  Hex/Tmut       0%         3d3       100%        5
 Enfeeble                 Hex            0%         N/A       100%        7
 Ozocubu's Refrigeration  Ice            0%         4d5       100%        7

Inventory:

Hand Weapons
 a - a +1 shortbow (weapon)
 v - the +3 whip of Jocog {vorpal, Fragile rCorr Int+2}
   (You found it on level 2 of the Dungeon)

   It inflicts extra damage upon your enemies.
   Int:       It affects your intelligence (+2).
   rCorr:     It protects you from acid and corrosion.
   Fragile:   It will be destroyed if unequipped.
Missiles
 d - 242 stones (quivered)
 e - 11 boomerangs
 y - 6 poisoned darts
Armour
 b - a +0 leather armour (worn)
 j - a +0 chain mail
   (You found it on level 2 of the Dungeon)
 o - a +0 leather armour
   (You found it on level 6 of the Dungeon)
 p - a +0 scale mail
   (You took it off a gnoll sergeant on level 6 of the Dungeon)
 G - a +2 robe of fire resistance
   (You took it off Blork the orc on level 4 of the Dungeon)
Magical Staves
 t - a staff of poison {!a}
   (You found it on level 2 of the Dungeon)
Jewellery
 D - a +6 ring of dexterity (right hand)
   (You found it on level 2 of the Dungeon)
 P - a ring of poison resistance
   (You found it on level 6 of the Dungeon)
 R - a ring of resist corrosion
   (You found it on level 4 of the Dungeon)
 S - a +6 ring of strength
   (You found it on level 7 of the Dungeon)
 W - a ring of magical power
   (You found it on level 3 of the Dungeon)
 X - the dreamshard necklace {*Dream Drain}
   (You took it off an orc on level 6 of the Dungeon)

   [amulet of nothing]

   It shatters if its wearer takes lethal or near-lethal damage, preventing the
   blow and releasing protective dreams that heal and fight for the wearer.
   Drain:     It drains your maximum health when unequipped.
 Y - a +4 ring of slaying (left hand)
   (You found it on level 2 of the Dungeon)
Scrolls
 c - 2 scrolls of immolation {!r!r}
 f - a scroll of silence {unknown}
 i - 7 scrolls of identify {unknown}
 k - 2 scrolls of noise {unknown}
 l - 3 scrolls of vulnerability {unknown}
 n - 4 scrolls of teleportation {unknown}
 q - a scroll of holy word {unknown}
 r - 2 scrolls of magic mapping {unknown}
 x - 2 scrolls of blinking {unknown}
 A - a scroll of enchant weapon {unknown}
 B - a scroll of torment {unknown}
 C - a scroll of enchant armour {unknown}
Potions
 g - a potion of lignification {unknown}
 h - a potion of brilliance {unknown}
 m - a potion of heal wounds {@q2}
 s - 2 potions of curing {unknown}
 z - 2 potions of mutation {unknown}
 F - a potion of ambrosia {unknown}
 H - 2 potions of degeneration {unknown}
 J - a potion of invisibility {unknown}
 K - a potion of flight {unknown}

Dungeon Overview and Level Annotations

Branches:
Dungeon (7/15)             Temple (1/1) D:6

Altars:
Ashenzari
Dithmenos
Elyvilon
Fedhas
Hepliaklqana
Nemelex Xobeh
Ru
Sif Muna
Trog
Uskayaw
Vehumet
Wu Jian
Xom
Yredelemnul
Zin
The Shining One
Lugonu

Annotations:
D:7 Joseph

......# .#. #.# ......#
..# ... ####### ... #.#
#.# #.# #.# #.#
######### #.# #.#
........###.####.#####.#
#######.##.............#
#.##..####@####..#
#.##..# #@# ....
#.##..####.#. ####
#.##.......>.
#...........#
####.#####..# #.# #..#
#.# #..# #.# #..#


You could see Joseph.


Message History

Joseph wields a +0 hunting sling.
Joseph shoots a sling bullet.
The sling bullet completely misses you.
You shoot an arrow. The arrow hits Joseph.
Joseph shoots a sling bullet.
The sling bullet hits you! 😮 HP[-17]
You take 17 damage, and now have 31/48 hp.
MASSIVE DAMAGE!! (PAUSE) Shoot: a) +1 shortbow
Press: ? - help, Shift-Dir - straight line, f/p - Joseph
Aim: Joseph, wielding a +0 hunting sling and wearing a +0 ring mail (lightly wounded, 77% to hit)
You shoot an arrow. The arrow hits Joseph!
Shoot: a) +1 shortbow
Press: ? - help, Shift-Dir - straight line, f/p - Joseph
Aim: Joseph, wielding a +0 hunting sling and wearing a +0 ring mail (moderately wounded, 77% to hit)
You shoot an arrow. The arrow closely misses Joseph.
Joseph shoots a sling bullet.
The sling bullet barely misses you.
Shoot: a) +1 shortbow
Press: ? - help, Shift-Dir - straight line, f/p - Joseph
Aim: Joseph, wielding a +0 hunting sling and wearing a +0 ring mail (moderately wounded, 77% to hit)
You shoot an arrow. The arrow hits Joseph.
Joseph shoots a sling bullet.
The sling bullet hits you!
* * * LOW HITPOINT WARNING * * *
😨 HP[-12]
You take 12 damage, and now have 19/48 hp.
MASSIVE DAMAGE!! (PAUSE) Shoot: a) +1 shortbow
Press: ? - help, Shift-Dir - straight line, f/p - Joseph
Aim: Joseph, wielding a +0 hunting sling and wearing a +0 ring mail (moderately wounded, 77% to hit)
You shoot an arrow. The arrow barely misses Joseph.
Joseph shoots a sling bullet.
The sling bullet hits you!
* * * LOW HITPOINT WARNING * * *
😱 HP[-9]
You take 9 damage, and now have 10/48 hp.
You feel much better.
Joseph shoots a sling bullet.
The sling bullet hits you!
* * * LOW HITPOINT WARNING * * *
😨 HP[+13]
You regained 13 hp, and now have 23/48 hp.
You feel much better. 😕 HP[+24]
You regained 24 hp, and now have 47/48 hp.
Shoot: a) +1 shortbow
Press: ? - help, Shift-Dir - straight line, f/p - Joseph
Aim: Joseph, wielding a +0 hunting sling and wearing a +0 ring mail (moderately wounded, 77% to hit)
You shoot an arrow. The arrow closely misses Joseph.
Joseph shoots a sling bullet.
The sling bullet misses you.
Shoot: a) +1 shortbow
Press: ? - help, Shift-Dir - straight line, f/p - Joseph
Aim: Joseph, wielding a +0 hunting sling and wearing a +0 ring mail (moderately wounded, 77% to hit)
You shoot an arrow. The arrow closely misses Joseph.
Joseph shoots a sling bullet.
The sling bullet closely misses you.
Shoot: a) +1 shortbow
Press: ? - help, Shift-Dir - straight line, f/p - Joseph
Aim: Joseph, wielding a +0 hunting sling and wearing a +0 ring mail (moderately wounded, 77% to hit)
You shoot an arrow. The arrow completely misses Joseph.
Shoot: a) +1 shortbow
Press: ? - help, Shift-Dir - straight line, f/p - Joseph
Aim: Joseph, wielding a +0 hunting sling and wearing a +0 ring mail (moderately wounded, 77% to hit)
You shoot an arrow. The arrow barely misses Joseph.
Joseph shoots a sling bullet.
The sling bullet hits you! 😮 HP[-16]
You take 16 damage, and now have 31/48 hp.
MASSIVE DAMAGE!! (PAUSE) Joseph shoots a sling bullet.
The sling bullet hits you!
* * * LOW HITPOINT WARNING * * *
😨 HP[-9]
You take 9 damage, and now have 22/48 hp. 😨 HP[+1]
You feel much better. 😕 HP[+24]
You regained 24 hp, and now have 47/48 hp.
Joseph shoots a sling bullet.
The sling bullet closely misses you.
Joseph unwields a +0 hunting sling.
Joseph wields a +0 vorpal quarterstaff.
Joseph hits you with a +0 vorpal quarterstaff! 😮 HP[-11]
You take 11 damage, and now have 36/48 hp.
MASSIVE DAMAGE!! (PAUSE) Shoot: a) +1 shortbow
Press: ? - help, Shift-Dir - straight line, f/p - Joseph
Aim: Joseph, wielding a +0 vorpal quarterstaff and wearing a +0 ring mail (moderately wounded, 77% to hit)
You shoot an arrow.
The arrow hits Joseph but does no damage.
Joseph hits you with a +0 vorpal quarterstaff!
* * * LOW HITPOINT WARNING * * *
x2 😨 HP[-15]
You take 15 damage, and now have 21/48 hp.
MASSIVE DAMAGE!! (PAUSE) Shoot: a) +1 shortbow
Press: ? - help, Shift-Dir - straight line, f/p - Joseph
Aim: Joseph, wielding a +0 vorpal quarterstaff and wearing a +0 ring mail (moderately wounded, 77% to hit)
You shoot an arrow. The arrow hits Joseph.
Joseph hits you with a +0 vorpal quarterstaff.
* * * LOW HITPOINT WARNING * * *
x2 😨 HP[-5]
You take 5 damage, and now have 16/48 hp.
Shoot: a) +1 shortbow
Press: ? - help, Shift-Dir - straight line, f/p - Joseph
Aim: Joseph, wielding a +0 vorpal quarterstaff and wearing a +0 ring mail (moderately wounded, 77% to hit)
You shoot an arrow. The arrow barely misses Joseph.
Joseph hits you with a +0 vorpal quarterstaff!!
You die...

Skill      XL: |  1  2  3  4  5  6  7  8  9 |
---------------+----------------------------+-----
Bows           | 5 6 8 10 12 14 | 14.0
Fighting       | |  2.0
Dodging        | |  2.1
Stealth        | |  1.0

Action                   |  1- 3 |  4- 6 |  7- 9 || total
-------------------------+-------+-------+-------++-------
 Fire: Shortbow          |    66 |    85 |   219 ||   370
  Use: Potion            |       |       |     4 ||     4
Armor: Leather armour    |     3 |     5 |       ||     8
Dodge: Dodged            |     8 |    26 |    42 ||    76

Levels and vault maps discovered:
D:1:      ncdulo_wetmaze, layout_rooms, hellmonk_ecumenical_altar_heavens_door,
          minmay_door_square, dreamdust_princess_corridor,
          minmay_misc_feat_secret_circle
D:2:      layout_basic, minmay_splitting_lines, minmay_joined_circles
D:3:      layout_loops_ring, grunt_dithmenos_smoke, minivault_26
D:4:      black_bear_nest_1, layout_gridville, marbit_many_paths,
          lemuel_zombie_altar_yredelemnul, uniq_blork_the_orc
D:5:      layout_loops_ring, gammafunk_temple_overflow_forgotten,
          grunt_temple_overflow_diamond, minmay_fountain_box, patterned_corridor
D:6:      layout_basic, minmay_temple_entry_grid, kennysheep_cross_room,
          st_stairs_1, minmay_between
D:7:      layout_loops_ring, mainiacjoe_overflow_alcove_2, nicolae_benzene_ring,
          uniq_joseph
Temple:   corrupted_temple

Notes
Turn   | Place    | Note
-------+----------+-------------------------------------------
     0 | D:1      | esteth the Tengu Hunter began the quest for the Orb.
     0 | D:1      | Reached XP level 1. HP: 12/12 MP: 2/2
     0 | D:1      | magus.rc [v1.11.3]
    41 | D:1      | You pick up a book of Geomancy and begin reading...
    41 | D:1      | You add the spells Sandblast, Passwall and Stone Arrow to
                  | your library.
    70 | D:1      | Reached XP level 2. HP: 17/17 MP: 3/3
   103 | D:1      | Reached skill level 5 in Bows
   417 | D:1      | Upgraded the game from 0.29-a0-296-gda187f2e07 to
                  | 0.29-a0-297-g7659ce593d
   417 | D:1      | magus.rc [v1.11.3]
   517 | D:1      | Reached XP level 3. HP: 11/21 MP: 4/4
   701 | D:1      | Found a faded altar of an unknown god.
  1149 | D:2      | Reached skill level 6 in Bows
  1149 | D:2      | Reached XP level 4. HP: 21/26 MP: 5/5
  1609 | D:2      | Identified the +3 whip of Jocog {vorpal, Fragile rCorr
                  | Int+2}
  2183 | D:3      | Gained mutation: Your magical nature lets you fly swiftly
                  | and evasively. [Tengu growth]
  2183 | D:3      | Reached XP level 5. HP: 30/30 MP: 6/6
  2187 | D:3      | Found a shadowy altar of Dithmenos.
  2629 | D:4      | Reached skill level 7 in Bows
  2698 | D:4      | Noticed an ogre
  2701 | D:4      | Killed an ogre
  2702 | D:4      | Reached skill level 8 in Bows
  2702 | D:4      | Reached XP level 6. HP: 35/35 MP: 7/7
  2744 | D:4      | You pick up a book of Minor Magic and begin reading...
  2744 | D:4      | You add the spells Magic Dart, Call Imp and Mephitic Cloud
                  | to your library.
  2773 | D:4      | Found a white marble altar of Elyvilon.
  3235 | D:4      | Noticed a black bear
  3245 | D:4      | Killed a black bear
  3246 | D:4      | Reached XP level 7. HP: 40/40 MP: 8/8
  3336 | D:4      | Noticed Blork the orc
  3345 | D:4      | Killed Blork the orc
  3346 | D:4      | Reached skill level 9 in Bows
  3562 | D:4      | Found a basalt altar of Yredelemnul.
  3757 | D:5      | Entered Level 5 of the Dungeon
  3829 | D:5      | You add the spells Ozocubu's Armour and Ozocubu's
                  | Refrigeration to your library.
  3993 | D:5      | Reached skill level 10 in Bows
  4296 | D:5      | Reached XP level 8. HP: 44/44 MP: 9/9
  4527 | D:5      | Found a shimmering altar of Xom.
  4527 | D:5      | Found a hazy altar of Hepliaklqana.
  4527 | D:5      | Found an ornate altar of the Wu Jian Council.
  4594 | D:5      | Found a sacrificial altar of Ru.
  4598 | D:5      | Found a bloodstained altar of Trog.
  4602 | D:5      | Found a shimmering blue altar of Sif Muna.
  4758 | D:6      | Reached skill level 11 in Bows
  4955 | D:6      | Found a staircase to the Ecumenical Temple.
  5016 | Temple   | Entered the Ecumenical Temple
  5044 | Temple   | Became a worshipper of Lugonu the Unformed
  5044 | Temple   | Reached * piety under Lugonu
  5079 | D:6      | Reached skill level 12 in Bows
  5269 | D:6      | Reached XP level 9. HP: 45/48 MP: 10/10
  5272 | D:6      | Reached skill level 13 in Bows
  5287 | D:6      | You pick up a book of Minor Magic and begin reading...
  5573 | D:6      | Reached ** piety under Lugonu
  5701 | D:6      | You pick up a book of Misfortune and begin reading...
  5701 | D:6      | You add the spells Confusing Touch, Yara's Violent
                  | Unravelling and Enfeeble to your library.
  5875 | D:6      | HP: 9/48 [gnoll shaman/+1 whip of pain (11)]
  6272 | D:7      | Reached skill level 14 in Bows
  6273 | D:7      | Noticed Joseph
  6279 | D:7      | HP: 10/48 [Joseph/sling bullet (9)]
  6298 | D:7      | Slain by Joseph

Vanquished Creatures
  A water moccasin (D:7)
  A sky beast (D:6)
  An ice beast (D:7)
  A black bear (D:4)
  4 ogres
  A kobold brigand (D:6)
  Blork the orc (D:4)
  2 bullfrogs (D:6)
  2 necrophages (D:6)
  5 scorpions
  A gnoll sergeant (D:6)
  3 wights (D:6)
  An electric eel (D:6)
  6 hounds
  A jelly (D:6)
  3 orc priests
  2 gnoll shamans (D:6)
  A scorpion zombie (D:4)
  2 orc wizards
  11 gnolls
  6 adders
  A shadow imp (D:6)
  An ufetubus (D:6)
  An adder zombie (D:4)
  2 worms
  4 dart slugs
  12 orcs
  7 ball pythons
  10 bats
  8 endoplasms
  8 goblins
  7 hobgoblins
  6 jackals
  11 kobolds
  2 quokkas
  3 frilled lizards
  A rat (D:3)
140 creatures vanquished.

Table legend:
 A = Non-vault XP
 B = Vault XP
 C = Vault XP percentage of total XP
 D = Non-vault monster count
 E = Vault monster count
 F = Vault count percentage of total count
                 A         B        C        D         E       F
            +---------+---------+-------+---------+---------+-------
      Total |    2816 |     532 |  15.9 |     119 |      21 |  15.0
            +---------+---------+-------+---------+---------+-------
        D:1 |      39 |       0 |   0.0 |      15 |       0 |   0.0
        D:2 |      55 |      43 |  43.9 |      22 |      10 |  31.2
        D:3 |      30 |       0 |   0.0 |      12 |       0 |   0.0
        D:4 |     471 |     258 |  35.4 |      19 |       5 |  20.8
        D:5 |     430 |       0 |   0.0 |      12 |       0 |   0.0
        D:6 |    1483 |     231 |  13.5 |      34 |       6 |  15.0
        D:7 |     308 |       0 |   0.0 |       5 |       0 |   0.0
            +---------+---------+-------+---------+---------+-------

Illustrated notes

Table legend:
 A = Kills in this place as a percentage of kills in entire the game.
 B = Kills by you in this place as a percentage of kills by you in the entire game.
 C = Kills by friends in this place as a percentage of kills by friends in the entire game.
 D = Other kills in this place as a percentage of other kills in the entire game.
 E = Experience gained in this place as a percentage of experience gained in the entire game.
 F = Experience gained in this place divided by the number of levels of this place that you have seen.
                   A       B       C       D       E      F
               +-------+-------+-------+-------+-------+----------------------
         Total | 100.0 | 100.0 |   N/A |   N/A | 100.0 | 418.5
       Dungeon | 100.0 | 100.0 |   N/A |   N/A | 100.0 | 478.3
               +-------+-------+-------+-------+-------+----------------------

Table legend: (Time is in decaauts)
 A = Elapsed time spent in this place.
 B = Non-inter-level travel time spent in this place.
 C = Inter-level travel time spent in this place.
 D = Time resting spent in this place.
 E = Time spent auto-exploring this place.
 F = Levels seen in this place.
 G = Mean time per level.
                   A        B        C        D        E       F      G
               +--------+--------+--------+--------+--------+-----+--------+
         Total |   6056 |   5909 |    147 |    126 |   5094 |   8 |  757.0 |
       Dungeon |   6017 |   5882 |    135 |    126 |   5075 |   7 |  859.6 |
        Temple |     38 |     26 |     12 |      0 |     18 |   1 |   38.0 |
               +--------+--------+--------+--------+--------+-----+--------+

Top non-repeatable levels by time:
     D:6: 1227 daAuts
     D:2: 1189 daAuts
     D:4: 1070 daAuts
     D:5: 834 daAuts
     D:1: 729 daAuts
     D:3: 696 daAuts
     D:7: 269 daAuts
  Temple: 38 daAuts
